 Dungeon Crawl Stone Soup version 0.17.1-1-g73c8601 (webtiles) character file.

132 zornare the Insei (level 5, -2/38 HPs)
             Began as a Merfolk Transmuter on Jan 1, 2016.
             Was an Initiate of Okawaru.
             Slain by a quokka (4 damage)
             ... summoned by comborobin's ghost
             ... on level 3 of the Dungeon.
             The game lasted 00:08:07 (1971 turns).

zornare the Insei (Merfolk Transmuter)              Turns: 1971, Time: 00:08:07

Health: -2/38      AC:  2    Str: 17    XL:     5   Next: 15%
Magic:  0/9        EV: 13    Int: 12    God:    Okawaru [......]
Gold:   85         SH:  0    Dex: 14    Spells: 2 memorised, 4 levels left

rFire  . . .     SeeInvis .       - Unarmed
rCold  + . .     Clarity  .     b - +0 robe
rNeg   . . .     SustAt   .     (no shield)
rPois  .         Gourm    .     (no helmet)
rElec  .         Spirit   +     (no cloak)
rCorr  .         Warding  .     (no gloves)
rMut   .         Stasis   .     (no boots)
MR     .....                    l - amulet of guardian spirit
Stlth  +.........               (no ring)
                                e - ring of protection from cold

@: mighty, appendage (expiring), not resistant to hostile enchantments, very
unstealthy
A: change form in water, swift swim, horns 2
a: End Transformation, Renounce Religion


You were on level 3 of the Dungeon.
You worshipped Okawaru.
Okawaru was noncommittal.
You were hungry.
You had grown temporary horns.
You visited 1 branch of the dungeon, and saw 3 of its levels.

You collected 85 gold pieces.

Inventory:

Missiles
 a - 41 arrows
Armour
 b - a +0 robe (worn)
Jewellery
 e - a ring of protection from cold (left hand)
 l - an amulet of guardian spirit (around neck)
Scrolls
 f - 2 scrolls of enchant weapon
 g - 3 scrolls of amnesia
 k - a scroll of teleportation
 o - 2 scrolls of fear
Books
 c - a book of Changes

   Spells                             Type                      Level
   a - Beastly Appendage              Transmutation                1
   b - Sticks to Snakes               Transmutation                2
   c - Spider Form                    Transmutation/Poison         3
   d - Ice Form                       Ice/Transmutation            4
   e - Blade Hands                    Transmutation                5
Comestibles
 d - 2 bread rations
 j - a meat ration
 m - 2 beef jerkies


   Skills:
 + Level 1.9 Fighting
 + Level 3.6 Dodging
 * Level 4.5 Unarmed Combat
 + Level 2.6 Spellcasting
 + Level 3.8 Transmutations


You had 4 spell levels left.
You knew the following spells:

 Your Spells              Type           Power        Failure   Level  Hunger
a - Beastly Appendage     Trmt           ##....       6%          1    #......
b - Ice Form              Ice/Trmt       #.......     93%         4    #####..


Dungeon Overview and Level Annotations

Branches:
Dungeon (3/15)

Altars:
Okawaru
Qazlal
Ru
Trog
The Shining One

Annotations:
D:3 comborobin's ghost, weakling GrSu


Innate Abilities, Weirdness & Mutations

You revert to your normal form in water.
You are very nimble and swift while swimming.
You have a pair of horns on your head.


Message History

Comborobin's ghost is severely damaged.
The rat bites you.
* * * LOW HITPOINT WARNING * * *
The quokka bites you.
* * * LOW HITPOINT WARNING * * *
Comborobin's ghost hits you.
* * * LOW HITPOINT WARNING * * *
You feel very mighty all of a sudden. The rat bites you.
* * * LOW HITPOINT WARNING * * *
The quokka barely misses you. Comborobin's ghost misses you.
You miss comborobin's ghost.
Comborobin's ghost is severely damaged.
The quokka bites you but does no damage.
The rat bites you.
* * * LOW HITPOINT WARNING * * *
You hit comborobin's ghost but do no damage.
Comborobin's ghost is severely damaged.
The quokka bites you.
You die...

#.##########
#.....5r@..#
#######rW.......
#r##.##### #.#
..# #.. ..# ...
#... ... .#.#
#..## #..


You could see comborobin's ghost, a white imp, 2 quokkas and a rat.

Vanquished Creatures
  An orc priest (D:3)
  3 adders (D:2)
  2 oozes (D:1)
  A worm (D:2)
  5 giant geckos
  4 orcs (D:2)
  A ball python (D:1)
  5 giant cockroaches
  8 goblins
  7 hobgoblins
  4 kobolds
  5 bats
  7 rats
53 creatures vanquished.

Notes
Turn   | Place    | Note
--------------------------------------------------------------
     0 | D:1      | zornare the Merfolk Transmuter began the quest for the Orb.
     0 | D:1      | Reached XP level 1. HP: 15/15 MP: 3/3
    99 | D:1      | Reached XP level 2. HP: 16/21 MP: 5/5
   424 | D:1      | Reached XP level 3. HP: 13/26 MP: 6/6
   817 | D:2      | Found a sacrificial altar of Ru.
   819 | D:2      | Found a glowing golden altar of the Shining One.
   823 | D:2      | Found an iron altar of Okawaru.
   823 | D:2      | Found a bloodstained altar of Trog.
   823 | D:2      | Found a stormy altar of Qazlal.
   834 | D:2      | Became a worshipper of Warmaster Okawaru
  1018 | D:2      | Reached skill level 4 in Unarmed Combat
  1018 | D:2      | Reached XP level 4. HP: 17/33 MP: 7/7
  1695 | D:2      | Learned a level 4 spell: Ice Form
  1844 | D:3      | Noticed comborobin's ghost (weakling GrSu)
  1852 | D:3      | Reached XP level 5. HP: 26/38 MP: 6/9
  1971 | D:3      | Slain by a quokka

Action                   |  1- 3 |  4- 6 || total
-------------------------+-------+-------++-------
Melee: Unarmed           |   116 |   118 ||   234
 Cast: Beastly Appendage |     4 |     8 ||    12
  Use: Scroll            |     6 |       ||     6
       Potion            |     2 |     1 ||     3
 Stab: Sleeping          |     3 |     1 ||     4
  Eat: Chunk             |       |     3 ||     3
